 Dungeon Crawl Stone Soup version 0.27.1-33-g824d729ab1 (webtiles) character file.

Game seed: 4641657525519579988

359 mcbry74 the Ruffian (level 6, 0/55 HPs)
             Began as a Troll Gladiator on Dec 22, 2021.
             Was a Believer of Qazlal.
             Succumbed to ioannis32's ghost's poison
             ... on level 3 of the Dungeon.
             The game lasted 00:11:11 (1985 turns).

mcbry74 the Ruffian (Troll Gladiator)               Turns: 1985, Time: 00:11:12

Health: 0/55       AC:  5    Str: 24    XL:     6   Next: 37%
Magic:  6/6        EV: 10    Int:  5    God:    Qazlal [**....]
Gold:   30         SH:  2    Dex: 11    Spells: 5/5 levels left

rFire    . . .     SeeInvis .     - Unarmed
rCold    . . .     Faith    .   (no shield)
rNeg     . . .     Spirit   .   a - +0 robe
rPois    .         Reflect  .   b - +0 hat
rElec    .         Harm     .   i - +0 cloak
rCorr    .         Rampage  .   (gloves unavailable)
Will     .....                  (boots unavailable)
Stlth    +.........             (no amulet)
HPRegen  1.18/turn              (no ring)
MPRegen  0.10/turn              (no ring)

@: lethally poisoned (0 -> -7)
A: large, unfitting armour, claws 3, regeneration 1, shaggy fur 1, tough skin 1
a: Renounce Religion, Upheaval


You were on level 3 of the Dungeon.
You worshipped Qazlal.
Qazlal was pleased with you.
You visited 1 branch of the dungeon, and saw 3 of its levels.

You collected 90 gold pieces.
You spent 60 gold pieces at shops.

Inventory:

Hand Weapons
 f - a +2 spear of venom
 k - a +0 quarterstaff
 q - a +1 giant spiked club
 r - a +3 hunting sling
Missiles
 c - 3 throwing nets (quivered)
 e - 7 silver javelins
Armour
 a - a +0 robe (worn)
 b - a +0 hat (worn)
 i - a +0 cloak (worn)
Jewellery
 h - an amulet of magic regeneration
Scrolls
 j - 4 scrolls of teleportation
Potions
 d - a potion of mutation {unknown}
 l - a potion of might {unknown}
 m - a potion of ambrosia {unknown}
 n - a potion of flight {unknown}
 p - a potion of heal wounds


   Skills:
 - Level 1.5 Fighting
 + Level 1.4 Maces & Flails
 - Level 1.7 Throwing
 - Level 2.4 Dodging
 * Level 6.1 Unarmed Combat
 + Level 2.6 Invocations


You had 5 spell levels left.
You didn't know any spells.
Your spell library contained the following spells:

 Spells                   Type           Power      Damage    Failure   Level
 Animate Skeleton         Necr           0%         N/A       47%         1
 Corpse Rot               Necr/Air       N/A        N/A       63%         2
 Slow                     Hex            0%         N/A       63%         2
 Excruciating Wounds      Necr           0%         N/A       100%        5
 Haunt                    Necr/Summ      0%         N/A       100%        7


Dungeon Overview and Level Annotations

Branches:
Dungeon (3/15)

Altars:
Qazlal

Shops:
D:2 *(![

Portals:
Abyss: D:3

Annotations:
D:3 1 transporter, ioannis32's ghost, amateur DsBe


Innate Abilities, Weirdness & Mutations

You are too large for most types of armour.
You have claws for hands.
Your natural rate of healing is unusually fast.
You are covered in fur. (AC +1)
You have tough skin. (AC +1)


Message History

Ioannis32's ghost is heavily damaged.
You feel very sick. Ioannis32's ghost hits you.
You are more poisoned.
You closely miss ioannis32's ghost.
Ioannis32's ghost is heavily damaged.
You feel very sick. Ioannis32's ghost closely misses you.
You claw ioannis32's ghost!
Ioannis32's ghost is almost destroyed.
You feel very sick.
Ioannis32's ghost hits you but does no damage.
You miss ioannis32's ghost.
Ioannis32's ghost is almost destroyed.
You feel very sick. Ioannis32's ghost hits you!
You are more poisoned.
You scratch ioannis32's ghost.
Ioannis32's ghost is almost destroyed.
You feel very sick.
Ioannis32's ghost hits you but does no damage.
You are more poisoned.
You barely miss ioannis32's ghost.
Ioannis32's ghost is almost destroyed.
* * * LOW HITPOINT WARNING * * *
You feel very sick.
You scratch ioannis32's ghost but do no damage.
Ioannis32's ghost is almost destroyed.
* * * LOW HITPOINT WARNING * * *
You feel very sick. You block ioannis32's ghost's attack.
You closely miss ioannis32's ghost.
Ioannis32's ghost is almost destroyed.
* * * LOW HITPOINT WARNING * * *
You feel very sick. Ioannis32's ghost hits you.
* * * LOW HITPOINT WARNING * * *
You scratch ioannis32's ghost but do no damage.
Ioannis32's ghost is almost destroyed.
You die...

### ## # ..##? ## #.
###....##♣# .#
#..##.##..##..####.#
#.©#...##.#......#.#
#..♣#.#.##♣..##.##.#
#. #..#W@..###♣#..# #
#♣#.#####.....#
♣....♣...©..#### ###
#!..##..###....##>..
##.#.#..##.#♣...#....
....##.#^.###...<...
###..###^..##.#.)...
..∩...##).#..... #.
#W..##©#..##.....


You could see ioannis32's ghost.

Vanquished Creatures
  Sigmund (D:2)
  An ogre (D:2)
  Jessica (D:3)
  Robin (D:2)
  2 adders (D:2)
  2 worms
  A dart slug (D:2)
  An orc (D:3)
  5 endoplasms
  A giant cockroach (D:1)
  10 goblins
  7 hobgoblins
  4 jackals (D:1)
  7 kobolds
  3 quokkas
  6 ball pythons
  4 bats
  2 frilled lizards
  A rat (D:1)
60 creatures vanquished.

Vanquished Creatures (others)
  A withered plant (D:1)
1 creature vanquished.

Grand Total: 61 creatures vanquished

Notes
Turn   | Place    | Note
-------+----------+-------------------------------------------
     0 | D:1      | mcbry74 the Troll Gladiator began the quest for the Orb.
     0 | D:1      | Reached XP level 1. HP: 19/19 MP: 0/0
    60 | D:1      | Got Kikubaaqudgha's Compendium of Dark Arts
   447 | D:1      | Reached XP level 2. HP: 27/27 MP: 1/1
   691 | D:1      | Found a faded altar of an unknown god.
   695 | D:1      | Reached skill level 4 in Unarmed Combat
   712 | D:1      | Became a worshipper of Qazlal Stormbringer
   712 | D:1      | Reached * piety under Qazlal
  1030 | D:2      | Reached XP level 3. HP: 28/33 MP: 2/2
  1051 | D:2      | Found Etackemu's Weapon Shoppe.
  1097 | D:2      | Noticed Sigmund
  1098 | D:2      | Noticed an ogre
  1108 | D:3      | Noticed Jessica
  1112 | D:3      | Killed Jessica
  1113 | D:3      | Reached skill level 1 in Invocations
  1122 | D:3      | Got Jessica's Guide on Enchantment
  1150 | D:3      | Reached XP level 4. HP: 31/41 MP: 3/3
  1239 | D:2      | Found Sech's Distillery.
  1251 | D:2      | Bought a potion of heal wounds for 60 gold pieces
  1315 | D:2      | Killed an ogre
  1316 | D:2      | Reached skill level 5 in Unarmed Combat
  1316 | D:2      | Reached XP level 5. HP: 48/48 MP: 3/5
  1382 | D:2      | Noticed Robin
  1413 | D:2      | Killed Robin
  1436 | D:2      | Found Osuceot's Antique Armour Emporium.
  1496 | D:2      | Killed Sigmund
  1497 | D:2      | Reached skill level 1 in Maces & Flails
  1497 | D:2      | Reached skill level 6 in Unarmed Combat
  1497 | D:2      | Reached XP level 6. HP: 55/55 MP: 6/6
  1583 | D:2      | Found Ypnuf's General Store.
  1833 | D:2      | Reached ** piety under Qazlal
  1868 | D:3      | Noticed ioannis32's ghost (amateur DsBe)
  1910 | D:3      | Found a transporter.
  1910 | D:3      | Found a one-way gate to the infinite horrors of the Abyss.
  1917 | D:3      | Found a transporter.
  1985 | D:3      | Succumbed to ioannis32's ghost's poison

Illustrated notes

Levels and vault maps discovered:
D:1:      dpeg_arrival_radiant, layout_basic,
          ebering_ecumenical_altar_petrified, grunt_decor_fettered,
          minmay_misc_feat_iff
D:2:      layout_rooms, serial_shops, shop, shop, shop, nicolae_shop_crystal,
          hex_intersection, uniq_sigmund, uniq_robin
D:3:      minmay_razor_zed, layout_rooms, gammafunk_ghost_abyssal_escape,
          kennysheep_jessica_study

Skill      XL: |  1  2  3  4  5 |
---------------+----------------+-----
Unarmed Combat | 4 5 6 |  6.1
Invocations    | 1 2 |  2.6
Maces & Flails | 1 |  1.4
Fighting       | |  1.5
Throwing       | |  1.7
Dodging        | |  2.4

Action                   |  1- 3 |  4- 6 || total
-------------------------+-------+-------++-------
Melee: Unarmed           |    56 |    91 ||   147
       Punch             |     1 |     1 ||     2
Throw: Throwing net      |       |     1 ||     1
  Use: Scroll            |       |     2 ||     2
Armor: Robe              |    12 |    16 ||    28
Dodge: Dodged            |    23 |    24 ||    47
Block: Other             |     1 |     6 ||     7
